 Dungeon Crawl Stone Soup version 0.17-a0-2027-gcac42c4 (webtiles) character file.

181 maniek23 the Sneak (level 5, -4/35 HPs)
             Began as a Vampire Enchanter on Oct 10, 2015.
             Killed from afar by Natasha (8 damage)
             ... with a magic dart
             ... on level 2 of the Dungeon.
             The game lasted 00:07:06 (2112 turns).

maniek23 the Sneak (Vampire Enchanter)              Turns: 2112, Time: 00:07:06

Health: -4/35      AC:  0    Str:  3    XL:     5   Next: 34%
Magic:  3/8        EV: 21    Int: 17    God:
Gold:   130        SH:  0    Dex: 20    Spells: 2 memorised, 6 levels left

rFire  . . .     SeeInvis +     (weapon currently unavailable)
rCold  . . .     Clarity  .     (armour currently unavailable)
rNeg   + . .     SustAt   .     (shield currently unavailable)
rPois  .         Gourm    .     (helmet currently unavailable)
rElec  .         Spirit   .     (cloak currently unavailable)
rCorr  .         Warding  .     (gloves currently unavailable)
rMut   .         Stasis   .     (boots currently unavailable)
MR     .....                    (no amulet)
Stlth  ++++......               (ring currently unavailable)
                                (ring currently unavailable)

@: bat-form, flying, slowed, quick, not resistant to hostile enchantments,
stealthy
A: (fangs 0), see invisible, (unbreathing)
a: End Transformation


You were on level 2 of the Dungeon.
You were not thirsty.
You were in vampire-bat-form.
You visited 1 branch of the dungeon, and saw 3 of its levels.

You collected 130 gold pieces.

Inventory:

Hand Weapons
 a - a +1 dagger (melded)
 j - a +2 dagger of speed
Armour
 b - a +1 robe (melded)
 f - a +0 pair of gloves (melded)
 l - a +0 animal skin
 m - a +0 helmet
Jewellery
 g - an uncursed amulet of warding {unknown}
Scrolls
 e - a scroll of noise {unknown}
 h - 2 scrolls of identify {unknown}
 n - a scroll of random uselessness {unknown}
 o - a scroll of fog {unknown}
 p - a scroll of recharging {unknown}
 q - a scroll of remove curse {unknown}
 r - a scroll of teleportation {unknown}
Potions
 d - 8 potions of blood
 i - 3 potions of curing {unknown}
 k - a potion of might {unknown}
 s - a potion of brilliance {unknown}
Books
 c - a book of Maledictions

   Spells                             Type                      Level
   a - Corona                         Hexes                        1
   b - Ensorcelled Hibernation        Hexes/Ice                    2
   c - Confuse                        Hexes                        3
   d - Tukima's Dance                 Hexes                        3
   e - Dazzling Spray                 Conjuration/Hexes            3


   Skills:
 * Level 3.3 Short Blades
 + Level 2.9 Dodging
 + Level 5.8 Stealth
 + Level 2.5 Spellcasting
 + Level 5.7 Hexes


You had 6 spell levels left.
You knew the following spells:

 Your Spells              Type           Power        Failure   Level  Hunger
a - Corona                Hex            ###....      1%          1    #......
b - Ensorcelled Hibernat  Hex/Ice        ##....       12%         2    ##.....


Dungeon Overview and Level Annotations

Branches:
Dungeon (3/15)

Altars:
Nemelex Xobeh

Annotations:
D:2 Natasha


Innate Abilities, Weirdness & Mutations

((You have razor-sharp teeth.))
You have supernaturally acute eyesight.
((You can survive without breathing.))


Message History

You see here a whip.
Natasha zaps a wand.
You resist with some effort. Natasha casts a spell at you.
The magic dart hits you!
* * * LOW HITPOINT WARNING * * *
Natasha casts a spell.
Natasha growls.
Natasha zaps a wand.
You feel as though you will be slow longer.
The crimson imp blinks!
The iron imp laughs crazily.
Use which ability?
You turn into a vampire bat.
Your +1 dagger melds into your body.
Your +0 pair of gloves melds into your body.
Your +1 robe melds into your body.
Your magical contamination has completely faded away.
Natasha zaps a wand.
You resist with some effort.
Natasha stares at you and mumbles some strange words.
The magic dart hits you!
You die...

.## ##.###......## .#
#h##.#....... .#
#.###.#...... .# #5#
##.####). .# #.# ### ##.
.# #.# ## .# ######.# #
.## #....h.# ..# #b######
#.# #.# #.#### #.#
#....### #.#
####...#########.#
#....#.##.....##.#
#.####.##.....##.#########
### #.#
#.##................# #..
..#
#.##.....##.#######.###
#.#


You could see Natasha.

Vanquished Creatures
  Jessica (D:2)
  Natasha (twice) (D:2)
  Robin (D:2)
  3 gnolls (D:2)
  3 adders (D:2)
  2 worms (D:2)
  A ball python (D:2)
  2 giant cockroaches (D:1)
  4 hobgoblins
  4 jackals (D:2)
  4 kobolds
  2 quokkas (D:2)
  5 bats
  3 giant newts (D:1)
  14 goblins
  3 rats
54 creatures vanquished.

Notes
Turn   | Place    | Note
--------------------------------------------------------------
     0 | D:1      | maniek23 the Vampire Enchanter began the quest for the Orb.
     0 | D:1      | Reached XP level 1. HP: 13/13 MP: 3/3
   250 | D:1      | Reached XP level 2. HP: 19/19 MP: 5/5
   259 | D:1      | Learned a level 2 spell: Ensorcelled Hibernation
   624 | D:1      | Found a sparkling altar of Nemelex Xobeh.
   803 | D:2      | Noticed Robin
   821 | D:2      | Reached skill level 5 in Hexes
  1139 | D:2      | Killed Robin
  1139 | D:2      | Reached skill level 5 in Stealth
  1139 | D:2      | Reached XP level 3. HP: 17/24 MP: 1/6
  1350 | D:2      | Reached XP level 4. HP: 11/30 MP: 4/7
  1766 | D:2      | Noticed Jessica
  1775 | D:2      | Killed Jessica
  1792 | D:2      | Noticed Natasha
  1797 | D:2      | Killed Natasha
  1797 | D:2      | Reached XP level 5. HP: 30/35 MP: 5/8
  1970 | D:2      | Noticed Natasha
  1977 | D:2      | Killed Natasha
  2017 | D:2      | Noticed Natasha
  2112 | D:2      | Killed from afar by Natasha

Vault maps used:
D:1:      dpeg_arrival_boxes_within_box, nemelex_diamond_rough_becter
D:2:      hangedman_decor_peaks_small, uniq_robin, uniq_jessica, uniq_natasha
D:3:      nicolae_overflow_hidden_temple, zin_academy

Action                   |  1- 3 |  4- 6 || total
-------------------------+-------+-------++-------
Melee: Dagger            |   102 |    45 ||   147
 Cast: Ensorcelled Hiber |     5 |    12 ||    17
       Corona            |       |     1 ||     1
 Abil: Bat Form          |       |     1 ||     1
 Stab: Sleeping          |    13 |     9 ||    22
  Eat: Corpse            |     4 |     4 ||     8
